 Dungeon Crawl Stone Soup version 0.28.0 (webtiles) character file.

Game seed: 13622499088283122946

749 Sanktem7 the Slasher (level 7, -3/62 HPs)
             Began as a Minotaur Fighter on Feb 9, 2022.
             Killed by divine providence
             ... invoked by an orc priest
              (15 damage)
             ... on level 4 of the Dungeon.
             The game lasted 00:07:47 (3417 turns).

Sanktem7 the Slasher (Minotaur Fighter)             Turns: 3417, Time: 00:07:48

Health: -3/62      AC:  9    Str: 22    XL:     7   Next: 48%
Magic:  6/6        EV:  9    Int:  5    God:
Gold:   121        SH:  4    Dex: 10    Spells: 6/6 levels left

rFire   . . .      SeeInvis .   a - +0 long sword (venom)
rCold   . . .      Faith    .   c - +0 buckler
rNeg    + . .      Spirit   .   b - +0 scale mail
rPois   .          Reflect  .   (helmet restricted)
rElec   .          Harm     .   l - scarf {repulsion}
rCorr   .          Rampage  .   j - +0 pair of gloves
Will    .....                   (no boots)
Stlth   ..........              (no amulet)
HPRegen 0.20/turn               m - ring of positive energy
MPRegen 0.10/turn               (no ring)

@: repel missiles
A: horns 2, retaliatory headbutt
a: no special abilities


You were on level 4 of the Dungeon.
You visited 1 branch of the dungeon, and saw 4 of its levels.

You collected 121 gold pieces.

Inventory:

Hand Weapons
 a - a +0 long sword of venom (weapon)
Armour
 b - a +0 scale mail (worn)
 c - a +0 buckler (worn)
 j - a +0 pair of gloves (worn)
 l - a scarf of repulsion (worn)
Jewellery
 m - a ring of positive energy (left hand)
Wands
 q - a wand of iceblast (13)
Scrolls
 g - a scroll of teleportation
 i - 5 scrolls of identify
 k - a scroll of brand weapon
 o - a scroll of blinking
 r - a scroll of noise {unknown}
Potions
 d - a potion of might
 e - a potion of mutation {unknown}
 f - 3 potions of curing {unknown}
 h - a potion of berserk rage {unknown}
 n - a potion of flight {unknown}
 p - a potion of degeneration {unknown}


   Skills:
 * Level 5.8 Fighting
 * Level 7.1 Long Blades
 * Level 6.5 Armour
 + Level 1.2 Dodging
 - Level 3.6 Shields


You had 6 spell levels left.
You didn't know any spells.
Your spell library contained the following spells:

 Spells                   Type           Power      Damage    Failure   Level
 Animate Skeleton         Necr           0%         N/A       86%         1
 Magic Dart               Conj           0%         1d3       86%         1
 Pain                     Necr           0%         1d4       86%         1
 Sting                    Tmut/Pois      0%         1d3       86%         1
 Poisonous Vapours        Pois/Air       0%         N/A       95%         2
 Searing Ray              Conj           0%         2d4       95%         2
 Vampiric Draining        Necr           0%         2d6       99%         3
 Fulminant Prism          Conj/Hex       0%         3d6       100%        4
 Olgreb's Toxic Radiance  Pois           0%         N/A       100%        4


Dungeon Overview and Level Annotations

Branches:
Dungeon (4/15)
 Temple: D:4-7

Altars:
Hepliaklqana
Kikubaaqudgha
Xom
Yredelemnul
Zin


Innate Abilities, Weirdness & Mutations

You have a pair of horns on your head.
You reflexively headbutt those who attack you in melee.


Message History

You bump into the rock wall.
Something hits you but does no damage.
You bump into the rock wall.
Something hits you.
You completely miss something. Your headbutt misses something.
Something hits you.
You miss something.
The orc priest invokes the aid of Beogh against you.
Beogh smites you!
You hear some strange, mumbled words.
Something tries to affect you, but you resist.
You bump into the rock wall.
The orc priest miscasts a cantrip.
You hear some strange, mumbled words.
A puff of flame appears from out of thin air!
The puff of flame hits you.
You bump into the rock wall.
Something hits you.
You bump into the rock wall.
You feel less confused. Something hits you but does no damage.
You closely miss something. Something hits you but does no damage.
You barely miss something.
The orc priest calls down the wrath of Beogh upon you.
Beogh smites you!
* * * LOW HITPOINT WARNING * * *
You hear some strange, mumbled words.
A magic dart appears from out of thin air!
The magic dart hits you.
* * * LOW HITPOINT WARNING * * *
You closely miss something. Your headbutt misses something.
Something hits you but does no damage.
You hit something.
Reactivating autopickup.
You feel a bit more experienced.
The adder skeleton bites you but does no damage.
You slash the adder skeleton!
You headbutt the adder skeleton, but do no damage.
The adder skeleton is severely damaged.
The adder skeleton bites you but does no damage.
The orc priest invokes the aid of Beogh against you.
Beogh smites you!
You die...

.#
########..##########.#.#
### #. ...............#
#.#.# . ##############.#
#.#.# . #.# #.#.# ###.##
#.#.# ### #..#.# #.#.#
... #.#.## .# #.### ####
#@# #... #Z# #.## #Z#
#.# .o. #.###.## ...
#.....<. ..... #####.##
..... #.# ....... #.#
#.#


You could see an orc priest, a killer bee zombie and an adder skeleton.

Vanquished Creatures
  A hornet (D:4)
  Sigmund (D:2)
  A kobold brigand (D:3)
  A scorpion (D:4)
  A centaur zombie (D:4)
  3 orc priests
  An iguana (D:4)
  An orc wizard (D:4)
  An adder (D:2)
  2 adder zombies (D:3)
  A worm (D:3)
  2 dart slugs
  7 orcs
  4 ball pythons
  7 endoplasms
  6 giant cockroaches
  2 goblins
  6 hobgoblins
  14 kobolds
  3 quokkas
  A ball python zombie (D:3)
  8 bats
  2 frilled lizards
  9 rats
85 creatures vanquished.

Notes
Turn   | Place    | Note
-------+----------+-------------------------------------------
     0 | D:1      | Sanktem7 the Minotaur Fighter began the quest for the Orb.
     0 | D:1      | Reached XP level 1. HP: 19/19 MP: 0/0
   134 | D:1      | Reached XP level 2. HP: 27/27 MP: 1/1
   343 | D:1      | Found a faded altar of an unknown god.
   710 | D:1      | Reached skill level 3 in Long Blades
   710 | D:1      | Reached XP level 3. HP: 33/33 MP: 2/2
  1237 | D:2      | Noticed Sigmund
  1246 | D:2      | Killed Sigmund
  1247 | D:2      | Reached skill level 5 in Fighting
  1247 | D:2      | Reached skill level 4 in Long Blades
  1247 | D:2      | Reached skill level 5 in Armour
  1247 | D:2      | Reached XP level 4. HP: 25/42 MP: 3/3
  1247 | D:2      | Reached XP level 5. HP: 29/48 MP: 4/4
  1422 | D:2      | Reached skill level 5 in Long Blades
  1425 | D:2      | Reached XP level 6. HP: 35/56 MP: 5/5
  1993 | D:3      | Found a basalt altar of Yredelemnul.
  2216 | D:3      | Reached skill level 6 in Long Blades
  2288 | D:3      | Found a faded altar of an unknown god.
  2292 | D:3      | Found an ancient bone altar of Kikubaaqudgha.
  2732 | D:4      | Found a shimmering altar of Xom.
  2803 | D:4      | Found a hazy altar of Hepliaklqana.
  3036 | D:4      | Found a glowing silver altar of Zin.
  3045 | D:4      | Reached XP level 7. HP: 42/61 MP: 6/6
  3248 | D:4      | Noticed a hornet
  3257 | D:4      | Killed a hornet
  3258 | D:4      | Reached skill level 7 in Long Blades
  3258 | D:4      | Reached skill level 1 in Dodging
  3417 | D:4      | Killed from afar by an orc priest

Illustrated notes

Levels and vault maps discovered:
D:1:      lemuel_arrival_room, layout_loops_ring, basic_ecumenical_altar,
          grunt_decor_mini_mirrors
D:2:      cheibrodos_pilgrimage, layout_rooms, serial_glass, glass_columns_a,
          glass_columns_a, uniq_sigmund
D:3:      layout_basic, nicolae_yredelemnul_corpse_copse,
          nicolae_overflow_ecumenical_swirl
D:4:      layout_loops_ring, mainiacjoe_overflow_surrounded_room,
          mainiacjoe_overflow_paths, slow_altar_1,
          mainiacjoe_overflow_concentric_impassable

Skill      XL: |  1  2  3  4  5  6  7 |
---------------+----------------------+-----
Armour         | 4 5 6 |  6.5
Fighting       | 4 5 |  5.8
Long Blades    | 3 4 5 6 7 |  7.1
Dodging        | 1 |  1.2
Shields        | |  3.6

Action                   |  1- 3 |  4- 6 |  7- 9 || total
-------------------------+-------+-------+-------++-------
Melee: Long sword        |    72 |    80 |    27 ||   179
       Headbutt          |    10 |    20 |     3 ||    33
  Use: Scroll            |       |       |     4 ||     4
Armor: Scale mail        |    24 |    40 |    15 ||    79
Dodge: Dodged            |    37 |    36 |    10 ||    83
       Repelled          |       |     3 |       ||     3
Block: Buckler           |    15 |    13 |     8 ||    36
